 Dungeon Crawl Stone Soup version 0.22.1-1-ga44c0e5 (webtiles) character file.

21 Garbasso the Digger (level 2, 0/16 HPs)
             Began as a Gargoyle Earth Elementalist on Sept 26, 2018.
             Slain by Terence
             ... wielding a +0 hand axe
              (5 damage)
             ... on level 2 of the Dungeon.
             The game lasted 00:03:56 (1373 turns).

Garbasso the Digger (Gargoyle Earth Elementalist)   Turns: 1373, Time: 00:03:57

Health: 0/16       AC:  5    Str: 11    XL:     2   Next: 83%
Magic:  1/5        EV: 12    Int: 15    God:
Gold:   33         SH:  0    Dex: 10    Spells: 4/5 levels left

rFire    . . .     SeeInvis .   (no weapon)
rCold    . . .     Gourm    .   (no shield)
rNeg     + . .     Faith    .   c - +0 robe
rPois    ∞         Spirit   .   g - +0 helmet
rElec    +         Reflect  .   (no cloak)
rCorr    .         Harm     .   (no gloves)
MR       .....                  (no boots)
Stlth    ++........             (no amulet)
HPRegen  0.05/turn              (no ring)
MPRegen  0.09/turn              (no ring)

@: no status effects
A: negative energy resistance 1, electricity resistance, unbreathing,
petrification resistance, rot immunity, AC +2
a: no special abilities


You were on level 2 of the Dungeon.
You were hungry.

You visited 1 branch of the dungeon, and saw 2 of its levels.

You collected 33 gold pieces.

Inventory:

Missiles
 b - 31 stones (quivered)
Armour
 c - a +0 robe (worn)
 g - a +0 helmet (worn)
Scrolls
 a - a scroll of amnesia {unknown}
 e - 2 scrolls of identify {unknown}
Comestibles
 d - 2 rations


   Skills:
 + Level 1.1 Fighting
 - Level 1.5 Dodging
 - Level 2.1 Stealth
 + Level 2.2 Spellcasting
   Level 0.7 Transmutations
 * Level 4.2 Earth Magic


You had 4 spell levels left.
You knew the following spells:

 Your Spells              Type           Power        Failure   Level  Hunger
a - Sandblast             Erth           ##....       3%          1    #......

Your spell library contained the following spells:

 Spells                   Type           Power        Failure   Level  Hunger
 Passwall                 Tmut/Erth      #.......     12%         2    ###....
 Stone Arrow              Conj/Erth      #.....       26%         3    ###....
 Petrify                  Tmut/Erth      #.......     61%         4    #####..
 Lee's Rapid Deconstruct  Erth           ##........   71%         5    ######.


Dungeon Overview and Level Annotations

Branches:
Dungeon (2/15)

Altars:

Annotations:
D:2 Terence


Innate Abilities, Weirdness & Mutations

You are resistant to torment.
Your stone body is resilient. (AC +2)
You are immune to poison.
You resist negative energy. (rN+)
You are resistant to electric shocks. (rElec)
You can survive without breathing.
You are immune to petrification.
You are immune to rotting.


Message History

Terence barely misses you.
You barely miss Terence.
Terence is severely wounded.
Terence barely misses you.
You hit Terence.
Terence is severely wounded.
Terence hits you with a hand axe.
You hit Terence.
Terence is severely wounded.
Terence hits you but does no damage.
You hit Terence but do no damage.
Terence is severely wounded.
Terence barely misses you.
You hit Terence.
Terence is almost dead.
Terence hits you with a hand axe.
You hit Terence.
Terence is almost dead.
Terence hits you with a hand axe.
You die...

####### ......# ...##.#
##.##.##.#############.
#.##..#...............
#.###.#######..######
#.# #.#.........<...#
#.# #.#.#######.##.##
#.# #.# .......@....#
#.# #.# #######@##..#
#.# #.# #.##..# #.# #.#
#. #.##..# #.# #.# #.#
#.##..# #.# #.# #.#
#.##..# #.# #.# #.#
#.##..# #.# #.# #.#
#.##..# #.# #.#.#.#
#.##..#


You could see Terence.

Vanquished Creatures
  A dart slug (D:2)
  2 leopard geckos (D:1)
  2 bats (D:1)
  A giant cockroach (D:1)
  A goblin (D:1)
  5 hobgoblins
  A frilled lizard (D:1)
  A rat (D:1)
14 creatures vanquished.

Notes
Turn   | Place    | Note
-------+----------+-------------------------------------------
     0 | D:1      | Garbasso the Gargoyle Earth Elementalist began the quest
                  | for the Orb.
     0 | D:1      | Reached XP level 1. HP: 10/10 MP: 3/3
   299 | D:1      | Reached skill level 4 in Earth Magic
   299 | D:1      | Reached XP level 2. HP: 6/16 MP: 0/5
  1082 | D:2      | Noticed Terence
  1140 | D:2      | Reached skill level 1 in Fighting
  1373 | D:2      | Slain by Terence

Skill      XL: |  1  2 |
---------------+-------+-----
Earth Magic    | 4 |  4.2
Fighting       | 1 |  1.1
Dodging        | |  1.5
Stealth        | |  2.1
Spellcasting   | |  2.2
Transmutations | |  0.7

Action                   || total
-------------------------++-------
Melee: Unarmed           ||    37
Throw: Stone             ||     1
 Cast: Sandblast         ||    30
  Eat: Chunk             ||     1
Armor: Robe              ||    24
Dodge: Dodged            ||    41
